 Dungeon Crawl Stone Soup version 0.30-a0-949-g53dc5368d7 (webtiles) character file.

Game seed: 10391391626004355092

218 EonDragon20 the Changer (level 5, -9/39 HPs)
             Began as a Merfolk Transmuter on Mar 27, 2023.
             Killed by divine providence
             ... invoked by an orc priest
              (13 damage)
             ... on level 4 of the Dungeon.
             The game lasted 00:16:08 (4134 turns).

EonDragon20 the Changer (Merfolk Transmuter)        Turns: 4134, Time: 00:16:09

Health: -9/39      AC:  6    Str: 12    XL:     5   Next: 95%
Magic:  9/9        EV: 12    Int: 13    God:
Gold:   107        SH:  0    Dex: 14    Spells: 3/9 levels left

rFire   . . .      SeeInvis .      - Unarmed
rCold   . . .      Faith    .    (no shield)
rNeg    . . .      Spirit   .    l - +0 leather armour
rPois   .          Reflect  .    (no helmet)
rElec   .          Rampage  .    i - +1 cloak
rCorr   .                        (no gloves)
Will    .....                    k - +0 pair of boots
Stlth   +                        (no amulet)
HPRegen 0.26/turn                (no ring)
MPRegen 0.11/turn                (no ring)

@: about to teleport
A: (nimble swimmer 2), mertail
a: no special abilities


You were on level 4 of the Dungeon.
You visited 1 branch of the dungeon, and saw 4 of its levels.

You collected 198 gold pieces.
You spent 91 gold pieces at shops.

Inventory:

Missiles
 j - 2 throwing nets
Armour
 i - a +1 cloak (worn)
 k - a +0 pair of boots (worn)
 l - a +0 leather armour (worn)
Jewellery
 o - a +6 ring of intelligence
Wands
 e - a wand of acid (5)
Scrolls
 m - a scroll of poison {unknown}
Potions
 b - a potion of lignification
 c - 2 potions of brilliance {unknown}
 d - a potion of berserk rage {unknown}
 f - 3 potions of mutation
 g - a potion of invisibility {unknown}
 h - a potion of curing {unknown}
 n - 2 potions of might {unknown}


   Skills:
 + Level 2.5 Fighting
 - Level 2.6 Dodging
 - Level 4.1 Unarmed Combat
 + Level 2.7 Spellcasting
 * Level 4.9 Transmutations
 * Level 2.4 Poison Magic


You had 3 spell levels left.
You knew the following spells:

 Your Spells              Type           Power      Damage    Failure   Level
a - Beastly Appendage     Tmut           28%        N/A       4%          1
b - Wereblood             Tmut           14%        N/A       6%          2
c - Spider Form           Tmut/Pois      11%        N/A       21%         3

Your spell library contained the following spells:

 Spells                   Type           Power      Damage    Failure   Level
 Ice Form                 Ice/Tmut       8%         N/A       71%         4
 Iskenderun's Battlesphe  Conj           1%         2d6       100%        5
 Iron Shot                Conj/Erth      0%         9d1       100%        6
 Spellforged Servitor     Conj/Summ      0%         N/A       100%        7


Dungeon Overview and Level Annotations

Branches:
Dungeon (4/15)
 Temple: D:4-7

Altars:
Wu Jian
Zin

Shops:
D:1 [

Annotations:
D:3 3 runed translucent doors, GigaChad's ghost, amateur FoFi


Innate Abilities, Weirdness & Mutations

((You are very nimble when in or above water. (Stealth+, EV+, Speed+++)))
Your lower body shifts to a powerful aquatic tail in water.


Message History

You hit the ball python but do no damage.
The ball python completely misses you. The ball python barely misses you.
You barely miss the ball python.
The ball python bites you but does no damage.
The ball python grabs you. The ball python constricts you.
The ball python barely misses you. The ball python constricts you.
You closely miss the ball python. The ball python bites you.
The ball python constricts you.
You hit the ball python.
You kill the ball python!
You see here a ball python corpse.
You now have 107 gold pieces (gained 14).
A dart slug comes into view.
A dart slug is nearby!
A dart slug is nearby!
An orc priest comes into view. It is wielding a +0 flail.
The dart slug launches a dart at you. The slug dart hits you.
The orc priest shouts!
You hit the dart slug but do no damage.
The orc priest mumbles some strange prayers to Beogh against you.
Beogh smites you! The dart slug launches a dart at you. The slug dart hits you.
You hit the dart slug but do no damage.
The orc priest mumbles some strange prayers to Beogh against you.
Beogh smites you!
* * * LOW HITPOINT WARNING * * *
The dart slug bites you but does no damage.
Okay, then.
As you read the scroll labelled JYGRAMO SIYS, it crumbles to dust.
The creatures around you are filled with an inner flame!
It was a scroll of immolation.
The orc priest looks encouraged for a moment.
The dart slug closely misses you.
As you read the scroll labelled TEZ SIDACLAARE, it crumbles to dust.
You feel strangely unstable.
It was a scroll of teleportation.
The orc priest mumbles some strange prayers to Beogh against you.
Beogh smites you!
You die...

#...... #.#..##. .#
.###.#########.##
.o...ow@.....#..
..o#.#######.#.#####.
#.......#.......
#.####.......#
#######.####.......#
...........#.......#
#######)##.#..#+###..#
..#.##.#.†#.#
#.#.##.#..#.#


You could see an orc priest (inner flame), a dart slug (inner flame) and 2 orcs.

Vanquished Creatures
  An orc priest (D:3)
  An iguana (D:4)
  2 orc wizards
  An adder (D:2)
  3 worms
  A dart slug (D:1)
  5 orcs
  3 bats
  10 endoplasms
  2 giant cockroaches (D:1)
  10 goblins
  9 hobgoblins
  5 jackals (D:1)
  A quokka (D:2)
  11 ball pythons
  A frilled lizard (D:1)
  8 kobolds
  7 rats
81 creatures vanquished.

Notes
Turn   | Place    | Note
-------+----------+-------------------------------------------
     0 | D:1      | EonDragon20 the Merfolk Transmuter began the quest for the
                  | Orb.
     0 | D:1      | Reached XP level 1. HP: 15/15 MP: 3/3
    68 | D:1      | Noticed a golden eye
    93 | D:1      | Noticed a golden eye
    95 | D:1      | Found a faded altar of an unknown god.
    96 | D:1      | Noticed a great orb of eyes
    96 | D:1      | Noticed an eye of devastation
   222 | D:1      | Reached XP level 2. HP: 19/21 MP: 3/5
   350 | D:1      | Learned a level 2 spell: Wereblood
   455 | D:1      | Reached XP level 3. HP: 25/26 MP: 6/6
   924 | D:1      | Found Noazosad's Armour Emporium.
  2050 | D:2      | Reached XP level 4. HP: 33/33 MP: 7/7
  2172 | D:2      | Learned a level 3 spell: Spider Form
  2768 | D:3      | Reached skill level 1 in Poison Magic
  2905 | D:2      | Reached XP level 5. HP: 31/38 MP: 5/8
  3169 | D:3      | Found a runed translucent gate.
  3170 | D:3      | Found a runed translucent gate.
  3171 | D:3      | Found a runed translucent gate.
  3278 | D:3      | Noticed GigaChad's ghost (amateur FoFi)
  3637 | D:1      | Bought a +0 pair of boots for 63 gold pieces
  3637 | D:1      | Bought a +0 leather armour for 28 gold pieces
  3730 | D:4      | Found a glowing silver altar of Zin.
  3906 | D:4      | Found an ornate altar of the Wu Jian Council.
  4134 | D:4      | Killed from afar by an orc priest

Illustrated notes

Levels and vault maps discovered:
D:1:      elethiomel_arrival_infinity_welcomes_careful_drivers, layout_basic,
          hellmonk_ecumenical_altar_watching_god, serial_shops,
          nicolae_shop_stone, minmay_pentomino_w2
D:2:      minmay_evil_eye, layout_basic
D:3:      layout_basic, biasface_ghost_orc_armoury
D:4:      layout_basic, pdpol_wu_jian_five_deadly_venoms,
          mainiacjoe_overflow_small_starburst

Skill      XL: |  1  2  3  4  5 |
---------------+----------------+-----
Transmutations | 3 4 |  4.9
Unarmed Combat | 4 |  4.1
Fighting       | 2 |  2.5
Poison Magic   | 1 2 |  2.4
Dodging        | |  2.6
Spellcasting   | |  2.7

Action                     |  1- 3 |  4- 6 || total
---------------------------+-------+-------++-------
  Melee: Unarmed           |   124 |   148 ||   272
         Headbutt          |    15 |    13 ||    28
         Punch             |     2 |     3 ||     5
   Cast: Beastly Appendage |    14 |    13 ||    27
         Spider Form       |       |     5 ||     5
         Wereblood         |       |     1 ||     1
    Use: Scroll            |     3 |     4 ||     7
         Potion            |     1 |     2 ||     3
   Stab: Sleeping          |     3 |     1 ||     4
 Armour: Robe              |    31 |    26 ||    57
         Skin              |     2 |     1 ||     3
         Leather armour    |       |     5 ||     5
  Dodge: Dodged            |    78 |    67 ||   145

Table legend: (Time is in decaauts)
 A = Elapsed time spent in this place.
 B = Non-inter-level travel time spent in this place.
 C = Inter-level travel time spent in this place.
 D = Time resting spent in this place.
 E = Time spent auto-exploring this place.
 F = Levels seen in this place.
 G = Mean time per level.
                   A        B        C        D        E       F      G
               +--------+--------+--------+--------+--------+-----+--------+
         Total |   4115 |   3891 |    224 |    805 |   2152 |   4 | 1028.8 |
       Dungeon |   4115 |   3891 |    224 |    805 |   2152 |   4 | 1028.8 |
               +--------+--------+--------+--------+--------+-----+--------+

Top non-repeatable levels by time:
     D:1: 1611 daAuts
     D:2: 1198 daAuts
     D:3: 879 daAuts
     D:4: 426 daAuts
